 Dungeon Sprint DCSS version 0.21-a0-274-gc1afaeb (webtiles) character file.

24857 potatolord6000 the Messiah (level 13, 0/138 HPs)
             Began as a Hill Orc Monk on Sept 15, 2017.
             Was the Champion of Beogh.
             Slain by a komodo dragon (7 damage)
             ... in the Dungeon (Sprint VII: "The Pits") on Sept 18, 2017.
             The game lasted 00:23:15 (4121 turns).

potatolord6000 the Messiah (Hill Orc Monk)          Turns: 4121, Time: 00:23:16

Health: 0/138      AC: 30    Str: 19    XL:     13   Next: 15%
Magic:  12/26      EV:  5    Int: 10    God:    Beogh [******]
Gold:   52         SH:  0    Dex: 13    Spells: 12/12 levels left

rFire    . . .     SeeInvis .   H - +1 long sword (flame)
rCold    . . .     Gourm    .   (no shield)
rNeg     . . .     Faith    .   d - +2 plate armour
rPois    .         Spirit   .   q - +2 hat
rElec    .         Reflect  .   s - +0 cloak
rCorr    .         Harm     .   t - +0 pair of gloves
MR       .....     NoTele   +   (no boots)
Stlth    ..........             (no amulet)
HPRegen  0.33/turn              F - +2 ring of protection
MPRegen  0.20/turn              p - +3 ring of protection

@: lethally poisoned (0 -> -2), constricted
A: walk on water
a: Smiting, Recall Orcish Followers, Give Item to Named Follower, Resurrection,
Renounce Religion


You were in the Dungeon.
You worshipped Beogh.
Beogh was exalted by your worship.
You were not hungry.

You visited 1 branch You collected 52 gold pieces.

Inventory:

Hand Weapons
 u - a +2 halberd of protection
 w - a +2 war axe of chopping
 x - a +2 rapier of venom
 C - the +2 quarterstaff of Amobu {crush, Dex+2}
   (You found it in the Dungeon)

   It inflicts extra damage upon your enemies.
   It affects your dexterity (+2).
 H - a +1 long sword of flaming (weapon)
Armour
 d - a +2 plate armour (worn)
 q - a +2 hat (worn)
 s - a +0 cloak (worn)
 t - a +0 pair of gloves (worn)
Jewellery
 p - a +3 ring of protection (right hand)
 F - a +2 ring of protection (left hand)
Wands
 G - a wand of random effects (7/48)
Scrolls
 k - 5 scrolls of remove curse
 l - 5 scrolls of amnesia
 m - a scroll of summoning
 r - 4 scrolls of enchant armour
 y - 3 scrolls of identify
 z - a scroll of fog
 B - a scroll of recharging
 D - a scroll of magic mapping
Potions
 e - 2 potions of heal wounds
 f - 2 potions of haste
 g - 2 potions of magic
 h - 4 potions of berserk rage
 i - 6 potions of curing
 n - 2 potions of invisibility
 v - 3 potions of might
 A - a potion of agility
 E - 2 potions of flight
Comestibles
 a - 40 fruits
 c - 10 bread rations
 j - 4 meat rations
 o - a royal jelly


   Skills:
 + Level 19.4 Fighting
 + Level 18.0 Long Blades
 + Level 18.0 Armour
 - Level 2.4 Dodging
 - Level 1.5 Stealth
 + Level 19.8 Invocations


You had 12 spell levels left.
You didn't know any spells.

Dungeon Overview and Level Annotations

Branches:
Dungeon (1/1)

Altars:
Ashenzari
Cheibriados
Dithmenos
Elyvilon
Fedhas
Gozag
Hepliaklqana
Kikubaaqudgha
Makhleb
Nemelex Xobeh
Okawaru
Qazlal
Ru
Sif Muna
Trog
Uskayaw
Vehumet
Wu Jian
Xom
Yredelemnul
Zin
The Shining One
Beogh
Jiyva
Lugonu


Message History

The komodo dragon bites you but does no damage.
Unknown command.
You barely miss the komodo dragon.
The komodo dragon is moderately wounded.
Your orc knight roars a battlecry!
Your orc warrior goes into a battle-frenzy!
The naga spits poison at you. The splash of poison hits you!
You are more poisoned.
The naga constricts you.
You closely miss the komodo dragon.
The komodo dragon is moderately wounded.
You feel sick. The komodo dragon bites you.
* * * LOW HITPOINT WARNING * * *
Unknown command.
You barely miss the komodo dragon.
The komodo dragon is moderately wounded.
The naga closely misses you. The naga constricts you.
The komodo dragon bites you!
You die...

.........''......
.........''...... ##
#######..##..#... #h#
#.#..##...... #{# #W##..##......
#h# #h# #..####''## #N# #{#
#..####''## #l#N# #..##.).)..
########@######..##.#)##. ####
.......oooo......##.#))'. __.#
........o........##.'|)#. __.#
######++###########.#[.'.
...###########++###########.+[:#.
##'##................##..##.##+#.
)'.##......#..#......##..##.
##.##................''.ยง#
....'................''..########


You could see a naga warrior, a komodo dragon, a wraith, a warg, a naga, 2
wolves, a friendly orc knight, the friendly Blodwig the orc knight, the friendly
Rocco the orc knight, a friendly orc warrior and a friendly orc wizard.

Vanquished Creatures
  A fire giant (D)
  A balrug (D)
  A naga warrior (D)
  A merfolk avatar (D)
  A dancing weapon (D)
  A death yak (D)
  2 sun demons (D)
  2 unseen horrors (D)
  A cherub (D)
  2 orc knights (D)
  A cyclops (D)
  A salamander (D)
  2 manticores (D)
  2 eyes of devastation (D)
  A gargoyle (D)
  An orange demon (D)
  A kobold demonologist (D)
  A demonic crawler (D)
  A komodo dragon (D)
  A jumping spider (D)
  2 snapping turtles (D)
  A redback (D)
  A vampire (D)
  A spriggan (D)
  A wyvern (D)
  A ynoxinul (D)
  A fire elemental (D)
  3 yaks (D)
  A neqoxec (D)
  A hungry ghost (D)
  4 vampire mosquitoes (D)
  3 nagas (D)
  2 wargs (D)
  A soldier ant (D)
  2 floating eyes (D)
  A porcupine (D)
  A necrophage (D)
  An ogre (D)
  A wolf (D)
  A big kobold (D)
  A gnoll sergeant (D)
  A scorpion (D)
  A killer bee (D)
  A gnoll shaman (D)
  Ijyb (D)
  A hell rat (D)
  A worker ant (D)
  A mummy (D)
  4 gnolls (D)
  A white imp (D)
  An ufetubus (D)
  A leopard gecko (D)
  An orc (D)
  A bat (D)
  A bat skeleton (D)
  A giant cockroach (D)
  2 hobgoblins (D)
  8 jackals (D)
  A kobold (D)
  A quokka simulacrum (D)
  A rat (D)
87 creatures vanquished.

Vanquished Creatures (collateral kills)
  A death cob (D)
  Gastronok (D)
  A ghost moth (D)
  An eidolon (D)
  A catoblepas (D)
  5 skeletal warriors (D)
  2 cyclopes (D)
  A smoke demon (D)
  A gargoyle (D)
  An efreet (D)
  An ice devil (D)
  A demonic crawler (D)
  A hellwing (D)
  A jumping spider (D)
  A tyrant leech (D)
  6 dream sheep (D)
  3 yaks (D)
  4 vampire mosquitoes (D)
  A sky beast (D)
  A phantom (D)
  A centaur (D)
  A crocodile (D)
  2 killer bees (D)
  An orc wizard (D)
  2 gnolls (D)
  An adder simulacrum (D)
  An orc (D)
  A goblin (D)
45 creatures vanquished.

Vanquished Creatures (others)
  An orc warrior (D)
  2 orc wizards (D)
  6 orcs (D)
9 creatures vanquished.

Grand Total: 141 creatures vanquished

Notes
Turn   | Place    | Note
-------+----------+-------------------------------------------
     0 | D        | potatolord6000 the Hill Orc Monk began the quest for the Orb.
     0 | D        | Reached XP level 1. HP: 19/19 MP: 1/1
    15 | D        | Noticed a floating eye
    18 | D        | Paralysed by a floating eye for 3 turns
    23 | D        | Paralysed by a floating eye for 3 turns
    29 | D        | Paralysed by a floating eye for 3 turns
    37 | D        | Paralysed by a floating eye for 2 turns
    42 | D        | Paralysed by a floating eye for 2 turns
    46 | D        | Paralysed by a floating eye for 3 turns
    49 | D        | Killed a floating eye
    49 | D        | Reached skill level 5 in Armour
    49 | D        | Reached XP level 2. HP: 34/34 MP: 2/2
    49 | D        | Reached XP level 3. HP: 39/39 MP: 3/3
    49 | D        | Reached XP level 4. HP: 47/47 MP: 4/4
    61 | D        | Found a bloodstained altar of Trog.
    61 | D        | Found a deep blue altar of Sif Muna.
    61 | D        | Found a viscous altar of Jiyva.
    61 | D        | Found a hazy altar of Hepliaklqana.
    61 | D        | Found an opulent altar of Gozag.
    62 | D        | Found a glowing golden altar of the Shining One.
    62 | D        | Found a glowing silver altar of Zin.
    62 | D        | Found a basalt altar of Yredelemnul.
    62 | D        | Found a shimmering altar of Xom.
    62 | D        | Found an ornate altar of the Wu Jian Council.
    62 | D        | Found a sacrificial altar of Ru.
    62 | D        | Found a stormy altar of Qazlal.
    62 | D        | Found an iron altar of Okawaru.
    62 | D        | Found a sparkling altar of Nemelex Xobeh.
    62 | D        | Found a burning altar of Makhleb.
    62 | D        | Found a blossoming altar of Fedhas.
    62 | D        | Found a white marble altar of Elyvilon.
    62 | D        | Found a shadowy altar of Dithmenos.
    62 | D        | Found a snail-covered altar of Cheibriados.
    65 | D        | Found a corrupted altar of Lugonu.
    65 | D        | Found a radiant altar of Vehumet.
    65 | D        | Found a roughly hewn altar of Beogh.
    66 | D        | Found an ancient bone altar of Kikubaaqudgha.
    66 | D        | Found a hide-covered altar of Uskayaw.
    66 | D        | Found a shattered altar of Ashenzari.
    74 | D        | Became a worshipper of Beogh the Brigand
    74 | D        | Reached * piety under Beogh
    74 | D        | Reached ** piety under Beogh
   184 | D        | Reached *** piety under Beogh
   184 | D        | Reached skill level 1 in Invocations
   249 | D        | Upgraded the game from 0.21-a0-272-g984ae92 to 0.21-a0-274-gc1afaeb
   251 | D        | Noticed a floating eye
   252 | D        | Noticed a necrophage
   255 | D        | Reached XP level 5. HP: 51/52 MP: 1/5
   256 | D        | Paralysed by a floating eye for 3 turns
   261 | D        | Reached **** piety under Beogh
   262 | D        | Paralysed by a floating eye for 2 turns
   265 | D        | Killed a floating eye
   269 | D        | Reached XP level 6. HP: 33/62 MP: 2/9
   275 | D        | Killed a necrophage
   275 | D        | Reached skill level 5 in Invocations
   464 | D        | Noticed a porcupine
   472 | D        | Reached ***** piety under Beogh
   483 | D        | Killed a porcupine
   716 | D        | Reached XP level 7. HP: 66/71 MP: 12/12
   751 | D        | Reached skill level 10 in Fighting
   769 | D        | Reached ****** piety under Beogh
   873 | D        | Noticed a cyclops
   873 | D        | Noticed an orc knight
   873 | D        | Noticed a warg
   873 | D        | Noticed a warg
   878 | D        | Killed an orc knight
   878 | D        | Reached skill level 10 in Long Blades
   878 | D        | Reached skill level 10 in Armour
   878 | D        | Reached XP level 8. HP: 75/82 MP: 3/15
   884 | D        | Reached skill level 10 in Invocations
   886 | D        | Killed a cyclops
  1029 | D        | Noticed a jumping spider
  1030 | D        | Noticed a manticore
  1032 | D        | Killed a manticore
  1032 | D        | Reached XP level 9. HP: 72/91 MP: 13/17
  1034 | D        | Killed a jumping spider
  1123 | D        | Noticed a hellwing
  1139 | D        | Killed a hellwing
  1226 | D        | Noticed a manticore
  1226 | D        | Noticed a demonic crawler
  1229 | D        | Killed a demonic crawler
  1231 | D        | Killed a manticore
  1267 | D        | Noticed a death yak
  1267 | D        | Noticed an orc knight
  1281 | D        | Noticed a tyrant leech
  1297 | D        | Killed a death yak
  1297 | D        | Gained Blodwig as an ally
  1297 | D        | Reached XP level 10. HP: 73/103 MP: 18/20
  1348 | D        | Noticed a death cob
  1350 | D        | Gained Rocco as an ally
  1355 | D        | Killed a death cob
  1355 | D        | Reached skill level 15 in Fighting
  1363 | D        | Killed an unseen horror
  1368 | D        | Noticed a smoke demon
  1369 | D        | Reached skill level 15 in Invocations
  1370 | D        | Noticed a cyclops
  1372 | D        | Killed a smoke demon
  1372 | D        | Reached XP level 11. HP: 50/113 MP: 16/22
  1379 | D        | Noticed Ijyb
  1386 | D        | Killed a cyclops
  1398 | D        | Killed Ijyb
  1760 | D        | Reached skill level 15 in Long Blades
  2139 | D        | Reached skill level 15 in Armour
  2142 | D        | Noticed Gastronok
  2161 | D        | Killed Gastronok
  2172 | D        | Killed an unseen horror
  2483 | D        | Got the +2 quarterstaff of Amobu {crush, Dex+2}
  2724 | D        | Noticed a cyclops
  2733 | D        | Killed a cyclops
  2759 | D        | Noticed a sun demon
  2766 | D        | Killed a ghost moth
  2766 | D        | Reached XP level 12. HP: 83/125 MP: 0/24
  2982 | D        | Noticed an eidolon
  2990 | D        | Killed an eidolon
  3625 | D        | Noticed a naga warrior
  3625 | D        | Noticed a balrug
  3631 | D        | Killed a balrug
  3634 | D        | Killed a naga warrior
  4042 | D        | Noticed a sun demon
  4042 | D        | Noticed a catoblepas
  4044 | D        | Killed a catoblepas
  4052 | D        | Noticed a fire giant
  4060 | D        | Noticed a merfolk avatar
  4061 | D        | Killed a fire giant
  4062 | D        | Noticed a sun demon
  4063 | D        | Killed a sun demon
  4063 | D        | Reached XP level 13. HP: 130/137 MP: 11/26
  4093 | D        | Noticed a jiangshi
  4121 | D        | Slain by a komodo dragon

Vault maps used:
D:        pitsprint

Skill      XL: |  1  2  3  4  5  6  7  8  9 10 11 12 13 |
---------------+----------------------------------------+-----
Fighting       | 7 8 9 11 12 14 15 17 19 | 19.4
Long Blades    | 6 7 9 10 11 13 14 16 17 18 | 18.0
Armour         | 5 7 8 10 11 12 14 16 17 18 | 18.0
Invocations    | 1 4 7 9 11 13 15 17 19 | 19.8
Dodging        | |  2.4
Stealth        | |  1.5

Action                   |  1- 3 |  4- 6 |  7- 9 | 10-12 | 13-15 || total
-------------------------+-------+-------+-------+-------+-------++-------
Melee: Falchion          |     6 |    32 |       |       |       ||    38
       Long sword        |       |    16 |    83 |   259 |    49 ||   407
Invok: Smiting           |       |     1 |    12 |    25 |     8 ||    46
       Resurrection      |       |       |     1 |     3 |       ||     4
       Give Item to Name |       |       |       |     1 |       ||     1
       Recall Orcish Fol |       |       |       |     1 |       ||     1
  Use: Scroll            |     1 |       |       |       |       ||     1
       Potion            |       |     1 |     6 |    16 |     2 ||    25
 Stab: Distracted        |       |       |     1 |       |       ||     1
  Eat: Meat ration       |       |       |     1 |     2 |       ||     3
Armor: Robe              |       |    19 |       |       |       ||    19
       Plate armour      |       |     4 |    55 |   285 |    32 ||   376
Dodge: Dodged            |       |    56 |    40 |   115 |    11 ||   222
       Rpst.: Falchion   |       |    18 |       |       |       ||    18
       Long sword        |       |     1 |    16 |    28 |     4 ||    49

Table legend:
 A = Spawn XP
 B = Non-spawn XP
 C = Spawn XP percentage of total XP
 D = Spawn monster count
 E = Non-spawn monster count
 F = Spawn count percentage of total count
 G = Total turns spent on level
                    A         B        C        D         E        F      G
               +---------+---------+-------+---------+---------+-------+---------
         Total |       0 |   35510 |   0.0 |       0 |     132 |   0.0 |  4121
               +---------+---------+-------+---------+---------+-------+---------
             D |       0 |   35510 |   0.0 |       0 |     132 |   0.0 |  4121
               +---------+---------+-------+---------+---------+-------+---------
